 Dungeon Crawl Stone Soup version 0.29.1-1-gd02db6906a (webtiles) character file.

Game seed: 11232962413627557659

249 Icepheonix32 the Magician (level 5, -1/35 HPs)
             Began as a Mummy Necromancer on Sept 22, 2022.
             Slain by an orc wizard
             ... wielding a +0 dagger
              (2 damage)
             ... on level 3 of the Dungeon.
             The game lasted 00:04:35 (2229 turns).

Icepheonix32 the Magician (Mummy Necromancer)       Turns: 2229, Time: 00:04:36

Health: -1/35      AC:  5    Str: 12    XL:     5   Next: 87%
Magic:  13/13      EV: 12    Int: 16    God:
Gold:   111        SH:  0    Dex: 12    Spells: 11/15 levels left

rFire   x . .      SeeInvis .   k - +1 scythe (protect)
rCold   + . .      Faith    .   (shield currently unavailable)
rNeg    + + +      Spirit   .   a - +0 robe
rPois   ∞          Reflect  .   c - +0 helmet
rElec   .          Harm     .   q - +1 cloak
rCorr   .          Rampage  .   (no gloves)
Will    .....                   (no boots)
Stlth   ++........              (no amulet)
HPRegen 0.11/turn               j - ring of wizardry
MPRegen 0.13/turn               (no ring)

@: no status effects
A: cold resistance 1, negative energy resistance 3, torment resistance 2, heat
vulnerability 1, in touch with death 1, no potions
a: no special abilities


You were on level 3 of the Dungeon.
You visited 1 branch of the dungeon, and saw 3 of its levels.

You collected 111 gold pieces.

Inventory:

Hand Weapons
 d - a +0 vampiric short sword
 e - a +0 short sword of speed
 k - a +1 scythe of protection (weapon)
Missiles
 n - 6 boomerangs
Armour
 a - a +0 robe (worn)
 c - a +0 helmet (worn)
 q - a +1 cloak (worn)
Magical Staves
 m - a staff of conjuration
Jewellery
 j - a ring of wizardry (left hand)
Scrolls
 b - a scroll of poison {unknown}
 f - a scroll of enchant weapon {unknown}
 g - a scroll of teleportation {unknown}
 h - a scroll of fog {unknown}
 i - 2 scrolls of identify {unknown}
 l - a scroll of vulnerability {unknown}
 o - a scroll of magic mapping {unknown}
 p - a scroll of summoning {unknown}


   Skills:
 + Level 1.8 Dodging
 + Level 1.8 Stealth
 + Level 5.7 Spellcasting
 + Level 5.5 Necromancy


You had 11 spell levels left.
You knew the following spells:

 Your Spells              Type           Power      Damage    Failure   Level
a - Necrotise             Necr           100%       1d9       1%          1
b - Vampiric Draining     Necr           33%        2d8       1%          3

Your spell library contained the following spells:

 Spells                   Type           Power      Damage    Failure   Level
 Animate Dead             Necr           33%        N/A       6%          4
 Agony                    Necr           33%        N/A       16%         5


Dungeon Overview and Level Annotations

Branches:
Dungeon (3/15)

Altars:


Innate Abilities, Weirdness & Mutations

You are immune to poison.
Your flesh is cold resistant. (rC+)
You are immune to negative energy. (rN+++)
You are immune to unholy pain and torment.
You are vulnerable to heat. (rF-)
You are in touch with the powers of death.
You do not drink.


Message History

Deactivating autopickup; reactivate with Ctrl-A.
Your orc skeleton closely misses something.
You barely miss something. Something hits you.
Your orc skeleton hits something but does no damage.
Something hits you but does no damage.
You miss something.
A nearby plant withers and dies.
You hear some strange, mumbled words.
A puff of flame appears from out of thin air!
The puff of flame misses you.
Your orc skeleton hits something but does no damage.
You miss something. Something hits you.
Your orc skeleton hits something but does no damage.
Something hits you.
Unknown command.
You miss something.
Your orc skeleton barely misses something.
Something hits you but does no damage.
You closely miss something.
Your orc skeleton barely misses something.
Something hits you but does no damage. x2; Your orc skeleton misses something.
You closely miss something. Something hits you but does no damage.
Your orc skeleton hits something but does no damage.
Unknown command.
You barely miss something. Something barely misses you.
Your orc skeleton closely misses something.
You hear some strange, mumbled words.
A magic dart appears from out of thin air!
The magic dart hits you.
* * * LOW HITPOINT WARNING * * *
Unknown command.
You barely miss something.
Your orc skeleton hits something.
Something hits your orc skeleton.
You closely miss something.
You hear some strange, mumbled words.
A magic dart appears from out of thin air!
The magic dart hits you!
* * * LOW HITPOINT WARNING * * *
Your orc skeleton barely misses something.
Something hits you.
You die...

#. .##### ##.
#.###.PP.# P.#
#.......# ..P.
###.......#.P...
#####
#.........#P..
....# #P.PPP.P.Z_.
....#####......){P#
.........##P...)@.#
.....###..#...P...#
.....# ##..###.P..#
#.##.# ##.#..#####
...#.# #...##
#..#.# #.### .....#
#+# ##.### ##.#


You could see a friendly orc skeleton.

Vanquished Creatures
  Sigmund (D:2)
  4 adders (D:2)
  A worm (D:3)
  A dart slug (D:2)
  2 orcs (D:3)
  7 ball pythons (D:1)
  An endoplasm (D:1)
  4 giant cockroaches
  2 goblins (D:1)
  5 hobgoblins
  3 jackals (D:2)
  2 quokkas
  7 bats
  3 frilled lizards
  6 kobolds
  2 rats (D:1)
51 creatures vanquished.

Vanquished Creatures (collateral kills)
  A giant cockroach (D:2)
  A goblin (D:2)
  3 frilled lizards
5 creatures vanquished.

Vanquished Creatures (others)
  2 demonic plants (D:3)
  2 fungi (D:3)
  2 plants (D:3)
  2 withered plants (D:3)
8 creatures vanquished.

Grand Total: 64 creatures vanquished

Notes
Turn   | Place    | Note
-------+----------+-------------------------------------------
     0 | D:1      | Icepheonix32 the Mummy Necromancer began the quest for the
                  | Orb.
     0 | D:1      | Reached XP level 1. HP: 13/13 MP: 4/4
   342 | D:1      | Reached XP level 2. HP: 19/19 MP: 1/6
  1146 | D:1      | Gained mutation: You are in touch with the powers of death.
                  | [Mummy growth]
  1146 | D:1      | Reached XP level 3. HP: 24/24 MP: 6/8
  1448 | D:2      | Learned a level 3 spell: Vampiric Draining
  1450 | D:2      | Noticed Sigmund
  1461 | D:2      | Killed Sigmund
  1462 | D:2      | Reached skill level 5 in Spellcasting
  1462 | D:2      | Reached skill level 5 in Necromancy
  1462 | D:2      | Reached XP level 4. HP: 9/30 MP: 0/11
  1462 | D:2      | Reached XP level 5. HP: 10/35 MP: 0/12
  2191 | D:3      | Found a faded altar of an unknown god.
  2229 | D:3      | HP: 1/35 [something/magic dart (8)]
  2229 | D:3      | Slain by an orc wizard

Illustrated notes

Levels and vault maps discovered:
D:1:      ncdulo_halloftheorcs, layout_basic, minmay_heptomino_l4
D:2:      layout_rooms, uniq_sigmund
D:3:      layout_loops_corners, shapermc_ecumenical_altar_gd, minmay_between

Skill      XL: |  1  2  3 |
---------------+----------+-----
Spellcasting   | 3 5 |  5.7
Necromancy     | 5 |  5.5
Dodging        | |  1.8
Stealth        | |  1.8

Action                   |  1- 3 |  4- 6 || total
-------------------------+-------+-------++-------
Melee: Unarmed           |     6 |       ||     6
       Halberd           |       |    37 ||    37
 Cast: Necrotise         |    56 |    30 ||    86
       Vampiric Draining |     2 |       ||     2
Armor: Robe              |     4 |    23 ||    27
Dodge: Dodged            |    21 |    21 ||    42
